| TOP OF THE 1ST |
|
Omaha Storm Chasers batting - Pitching for Wichita Aeros : RHP Brent Gaff
|
|
Pitching: RHP Brent Gaff
|
|
|
Batting: RHB Jay Schellin
|
0-0: Called Strike 0-1: SINGLE (Groundball, 34D, EV 105.6 MPH)
|
|
Batting: SHB Rafael Landestoy
|
0-0: Ball 1-0: Fly out, F6 (Line Drive, 6, EV 71.3 MPH)
|
|
Batting: RHB Don Money
|
0-0: Called Strike Jay Schellin steals 2nd base 0-1: Ball 1-1: Foul Ball, location: 2F 1-2: DOUBLE (Line Drive, 7LM, EV 103.1 MPH) Jay Schellin scores
|
|
Batting: LHB Mike LaValliere
|
0-0: Foul Ball, location: 2F 0-1: Called Strike 0-2: Ball 1-2: Foul Ball, location: 2F 1-2: Ball 2-2: Strikes out swinging, 2-3 out at first.
|
|
Batting: RHB Al Minker
|
0-0: Ground out 6-3 (Groundball, 6, EV 109.4 MPH)
|
| Top of the 1st over - 1 run, 2 hits, 0 errors, 1 left on base; Omaha 1 - Wichita 0 |
| BOTTOM OF THE 1ST |
|
Wichita Aeros batting - Pitching for Omaha Storm Chasers : LHP Neal Heaton
|
|
Pitching: LHP Neal Heaton
|
|
|
Batting: LHB Jesus Ramos
|
0-0: Ball 1-0: Called Strike 1-1: Called Strike 1-2: Foul Ball, location: 2F 1-2: Ground out U3 (Groundball, 3, EV 86.9 MPH)
|
|
Batting: RHB Greg Cypret
|
0-0: Ball 1-0: Ground out 6-3 (Groundball, 6, EV 91.3 MPH)
|
|
Batting: RHB Dave Hoenstine
|
0-0: Ball 1-0: Called Strike 1-1: Swinging Strike 1-2: Ball 2-2: Strikes out swinging
|
| Bottom of the 1st over - 0 runs, 0 hits, 0 errors, 0 left on base; Omaha 1 - Wichita 0 |
| TOP OF THE 2ND |
|
Omaha Storm Chasers batting - Pitching for Wichita Aeros : RHP Brent Gaff
|
|
Batting: RHB Eddie Gates
|
0-0: Ball 1-0: Called Strike 1-1: SINGLE (Flyball, 6D, EV 88.8 MPH)
|
|
Batting: SHB Larry Bowa
|
0-0: SINGLE (Groundball, 34D, EV 95.0 MPH) Eddie Gates to second Runner from 2nd tries for 3rd, SAFE, no throw by RF
|
|
Batting: RHB Mike Allport
|
0-0: Ball 1-0: Ball 2-0: Called Strike 2-1: Foul Ball, location: 2F 2-2: Fly out, F8 (Flyball, 8LS, EV 93.1 MPH) Runner from 3rd tags up, SCORES, throw by CF
|
|
Batting: RHB Odie Davis
|
0-0: Ball 1-0: Foul Ball, location: 2F 1-1: SINGLE (Flyball, 9LS, EV 90.6 MPH) Larry Bowa to second
|
|
Batting: RHB Jay Schellin
|
0-0: Swinging Strike 0-1: Called Strike 0-2: Foul Ball, location: 2F 0-2: Ball 1-2: Foul Ball, location: 2F 1-2: Ball 2-2: Fielders Choice at 2nd, 1-4 (Groundball, 25, EV 71.9 MPH) Larry Bowa to third
|
|
Batting: SHB Rafael Landestoy
|
0-0: Fly out, F9 (Line Drive, 9D, EV 86.3 MPH)
|
| Top of the 2nd over - 1 run, 3 hits, 0 errors, 2 left on base; Omaha 2 - Wichita 0 |
| BOTTOM OF THE 2ND |
|
Wichita Aeros batting - Pitching for Omaha Storm Chasers : LHP Neal Heaton
|
|
Batting: LHB Omar Guerrero
|
0-0: Ball 1-0: Fly out, F7 (Flyball, 7, EV 87.5 MPH)
|
|
Batting: LHB Michael Barnes
|
0-0: Ball 1-0: Foul Ball, location: 2F 1-1: Ball 2-1: Ball 3-1: Base on Balls
|
|
Batting: LHB Glenn Gulliver
|
0-0: Reached on error, E4 (Groundball, 4M, EV 84.4 MPH) Michael Barnes to second
|
|
Batting: RHB Bill Hayes
|
0-0: Ball 1-0: Fly out, F8 (Flyball, 8LM, EV 88.1 MPH)
|
|
Batting: LHB James Pellack
|
0-0: Reached on error, E7 (Flyball, 7S, EV 81.9 MPH) Michael Barnes scores Glenn Gulliver to third
|
|
Batting: RHB Gary House
|
0-0: Called Strike 0-1: Fly out, F7 (Flyball, 7D, EV 85.0 MPH)
|
| Bottom of the 2nd over - 1 run, 0 hits, 2 errors, 2 left on base; Omaha 2 - Wichita 1 |
| TOP OF THE 3RD |
|
Omaha Storm Chasers batting - Pitching for Wichita Aeros : RHP Brent Gaff
|
|
Batting: RHB Don Money
|
0-0: Ball 1-0: Ball 2-0: Ball 3-0: Called Strike 3-1: Swinging Strike 3-2: Fly out, F7 (Flyball, 7, EV 82.5 MPH)
|
|
Batting: LHB Mike LaValliere
|
0-0: Ball 1-0: Ball 2-0: Called Strike 2-1: Called Strike 2-2: Ball 3-2: Ground out 3-1 (Groundball, 34S, EV 83.8 MPH)
|
|
Batting: RHB Al Minker
|
0-0: Foul Ball, location: 2F 0-1: Fly out, F8 (Flyball, 8LM, EV 95.0 MPH)
|
| Top of the 3rd over - 0 runs, 0 hits, 0 errors, 0 left on base; Omaha 2 - Wichita 1 |
| BOTTOM OF THE 3RD |
|
Wichita Aeros batting - Pitching for Omaha Storm Chasers : LHP Neal Heaton
|
|
Batting: LHB Jesus Ramos
|
0-0: Foul Ball, location: 2F 0-1: Ball 1-1: Called Strike 1-2: DOUBLE (Flyball, 78D, EV 93.1 MPH)
|
|
Batting: RHB Greg Cypret
|
0-0: Called Strike 0-1: Swinging Strike 0-2: Foul Ball, location: 2F 0-2: Foul Ball, location: 2F 0-2: Fly out, F8 (Line Drive, 8RM, EV 91.3 MPH)
|
|
Batting: RHB Dave Hoenstine
|
0-0: Called Strike 0-1: Ball 1-1: Fly out, F8 (Flyball, 8LD, EV 96.3 MPH)
|
|
Batting: LHB Omar Guerrero
|
0-0: Ball 1-0: Foul Ball, location: 2F 1-1: Foul Ball, location: 2F 1-2: Strikes out swinging
|
| Bottom of the 3rd over - 0 runs, 1 hit, 0 errors, 1 left on base; Omaha 2 - Wichita 1 |
| TOP OF THE 4TH |
|
Omaha Storm Chasers batting - Pitching for Wichita Aeros : RHP Brent Gaff
|
|
Batting: RHB Eddie Gates
|
0-0: Ball 1-0: Foul Ball, location: 2F 1-1: Ball 2-1: Ball 3-1: Fly out, F7 (Flyball, 7, EV 89.4 MPH)
|
|
Batting: SHB Larry Bowa
|
0-0: Ball 1-0: Ball 2-0: Called Strike 2-1: Fly out, F7 (Flyball, 7S, EV 85.0 MPH)
|
|
Batting: RHB Mike Allport
|
0-0: Called Strike 0-1: SINGLE (Groundball, P, EV 78.1 MPH) (infield hit)
|
|
Batting: RHB Odie Davis
|
0-0: Ball 1-0: Ball 2-0: Called Strike Mike Allport steals 2nd base 2-1: Ground out 4-3 (Groundball, 4, EV 80.0 MPH)
|
| Top of the 4th over - 0 runs, 1 hit, 0 errors, 1 left on base; Omaha 2 - Wichita 1 |
| BOTTOM OF THE 4TH |
|
Wichita Aeros batting - Pitching for Omaha Storm Chasers : LHP Neal Heaton
|
|
Batting: LHB Michael Barnes
|
0-0: Swinging Strike 0-1: Foul Ball, location: 2F 0-2: Foul Ball, location: 2F 0-2: Ball 1-2: SINGLE (Line Drive, 9S, EV 102.5 MPH)
|
|
Batting: LHB Glenn Gulliver
|
0-0: Called Strike 0-1: Ball 1-1: Grounds into double play, 5-4-3 (Groundball, 56S, EV 77.5 MPH)
|
|
Batting: RHB Bill Hayes
|
0-0: Called Strike 0-1: Foul Ball, location: 2F 0-2: Ball 1-2: Ground out 4-3 (Groundball, 4, EV 85.6 MPH)
|
| Bottom of the 4th over - 0 runs, 1 hit, 0 errors, 0 left on base; Omaha 2 - Wichita 1 |
| TOP OF THE 5TH |
|
Omaha Storm Chasers batting - Pitching for Wichita Aeros : RHP Brent Gaff
|
|
Batting: RHB Jay Schellin
|
0-0: Called Strike 0-1: Ball 1-1: Ball 2-1: Ball 3-1: Foul Ball, location: 2F 3-2: Foul Ball, location: 2F 3-2: Ground out 6-3 (Groundball, 6, EV 102.5 MPH)
|
|
Batting: SHB Rafael Landestoy
|
0-0: Ball 1-0: Fly out, F7 (Line Drive, 7, EV 91.3 MPH)
|
|
Batting: RHB Don Money
|
0-0: Ball 1-0: Ground out 1-3 (Groundball, 15, EV 72.5 MPH)
|
| Top of the 5th over - 0 runs, 0 hits, 0 errors, 0 left on base; Omaha 2 - Wichita 1 |
| BOTTOM OF THE 5TH |
|
Wichita Aeros batting - Pitching for Omaha Storm Chasers : LHP Neal Heaton
|
|
Batting: LHB James Pellack
|
0-0: Ball 1-0: Swinging Strike 1-1: Called Strike 1-2: Ground out U3 (Groundball, 3, EV 85.0 MPH)
|
|
Batting: RHB Gary House
|
0-0: Called Strike 0-1: Called Strike 0-2: Foul Ball, location: 2F 0-2: Foul Ball, location: 2F 0-2: Strikes out swinging
|
|
Batting: LHB Jesus Ramos
|
0-0: Ball 1-0: Swinging Strike 1-1: Ball 2-1: Foul Ball, location: 2F 2-2: Ball 3-2: Fly out, F9 (Flyball, 9S, EV 96.3 MPH)
|
| Bottom of the 5th over - 0 runs, 0 hits, 0 errors, 0 left on base; Omaha 2 - Wichita 1 |
| TOP OF THE 6TH |
|
Omaha Storm Chasers batting - Pitching for Wichita Aeros : RHP Brent Gaff
|
|
Batting: LHB Mike LaValliere
|
0-0: Called Strike 0-1: Foul Ball, location: 2F 0-2: Ground out 3-1 (Groundball, 3L, EV 97.5 MPH)
|
|
Batting: RHB Al Minker
|
0-0: Fly out, F9 (Flyball, 9LM, EV 77.5 MPH)
|
|
Batting: RHB Eddie Gates
|
0-0: Called Strike 0-1: Called Strike 0-2: Ground out 5-3 (Groundball, 56, EV 83.8 MPH)
|
| Top of the 6th over - 0 runs, 0 hits, 0 errors, 0 left on base; Omaha 2 - Wichita 1 |
| BOTTOM OF THE 6TH |
|
Wichita Aeros batting - Pitching for Omaha Storm Chasers : LHP Neal Heaton
|
|
Batting: RHB Greg Cypret
|
0-0: Ball 1-0: Ball 2-0: Foul Ball, location: 2F 2-1: Called Strike 2-2: Ball 3-2: SINGLE (Groundball, 4M, EV 85.6 MPH) (infield hit)
|
|
Batting: RHB Dave Hoenstine
|
0-0: Ball 1-0: Called Strike 1-1: Ball 2-1: Called Strike 2-2: Fly out, F8 (Line Drive, 8RM, EV 102.5 MPH)
|
|
Batting: LHB Omar Guerrero
|
0-0: Ball Wild Pitch! Greg Cypret to second 1-0: Called Strike 1-1: Swinging Strike 1-2: Foul Ball, location: 2F 1-2: Fly out, F8 (Line Drive, 8LD, EV 86.3 MPH)
|
|
Batting: LHB Michael Barnes
|
0-0: Ball 1-0: Swinging Strike 1-1: 2-RUN HOME RUN (Line Drive, 78XD, EV 100.6 MPH), Distance : 411 ft
|
|
Batting: LHB Glenn Gulliver
|
0-0: Foul Ball, location: 2F 0-1: Foul Ball, location: 2F 0-2: Foul Ball, location: 2F 0-2: Ball 1-2: SINGLE (Groundball, 4MD, EV 103.1 MPH)
|
|
Batting: RHB Bill Hayes
|
0-0: Ball 1-0: Called Strike 1-1: Ball Pickoff Throw by Catcher to First - Out!
|
| Bottom of the 6th over - 2 runs, 3 hits, 0 errors, 0 left on base; Omaha 2 - Wichita 3 |
| TOP OF THE 7TH |
|
Omaha Storm Chasers batting - Pitching for Wichita Aeros : RHP Brent Gaff
|
|
Batting: SHB Larry Bowa
|
0-0: Called Strike 0-1: Ball 1-1: Ball 2-1: Foul Ball, location: 2F 2-2: Foul Ball, location: 2F 2-2: SINGLE (Groundball, 34D, EV 96.9 MPH)
|
|
Batting: RHB Mike Allport
|
0-0: Bunt missed! 0-1: Ball 1-1: Bunt missed! 1-2: Ball Wild Pitch! Larry Bowa to second 2-2: Ground out 6-3 (Groundball, 6, EV 83.1 MPH)
|
|
Batting: RHB Odie Davis
|
0-0: Called Strike 0-1: Ball Wild Pitch! Larry Bowa to third 1-1: Fly out, F8 (Flyball, 8LD, EV 75.0 MPH) Runner from 3rd tags up, OUT at HOME! 8-2
|
| Top of the 7th over - 0 runs, 1 hit, 0 errors, 0 left on base; Omaha 2 - Wichita 3 |
| BOTTOM OF THE 7TH |
|
Wichita Aeros batting - Pitching for Omaha Storm Chasers : LHP Neal Heaton
|
|
Batting: RHB Bill Hayes
|
0-0: Ball 1-0: Fly out, F3 (Popup, 3F, EV 60.0 MPH)
|
|
Batting: LHB James Pellack
|
0-0: Ball 1-0: Ball 2-0: Ball 3-0: Called Strike 3-1: Base on Balls
|
|
Batting: RHB Gary House
|
0-0: Called Strike 0-1: Ball 1-1: Ball 2-1: Ball 3-1: Swinging Strike 3-2: Grounds into double play, 6-4-3 (Groundball, 6, EV 100.0 MPH)
|
| Bottom of the 7th over - 0 runs, 0 hits, 0 errors, 0 left on base; Omaha 2 - Wichita 3 |
| TOP OF THE 8TH |
|
Omaha Storm Chasers batting - Pitching for Wichita Aeros : RHP Brent Gaff
|
|
Now at SS: Victor Mabee
|
|
|
Batting: RHB Jay Schellin
|
0-0: Ground out 6-3 (Groundball, 6, EV 102.5 MPH)
|
|
Batting: SHB Rafael Landestoy
|
0-0: Called Strike 0-1: Foul Ball, location: 2F 0-2: Ball 1-2: Ball 2-2: Fly out, F7 (Flyball, 7, EV 95.0 MPH)
|
|
Batting: RHB Don Money
|
0-0: Ground out 6-3 (Groundball, 6, EV 111.9 MPH)
|
| Top of the 8th over - 0 runs, 0 hits, 0 errors, 0 left on base; Omaha 2 - Wichita 3 |
| BOTTOM OF THE 8TH |
|
Wichita Aeros batting - Pitching for Omaha Storm Chasers : LHP Neal Heaton
|
|
Batting: LHB Jesus Ramos
|
0-0: DOUBLE (Groundball, 5L, EV 107.5 MPH)
|
|
Batting: RHB Greg Cypret
|
0-0: Swinging Strike 0-1: Ball 1-1: Bunt missed! 1-2: Ball 2-2: Ground out 6-3 (Groundball, 6, EV 103.1 MPH)
|
|
Batting: RHB Dave Hoenstine
|
0-0: Intentional Walk
|
|
Batting: LHB Omar Guerrero
|
0-0: Ball 1-0: Called Strike 1-1: Ball 2-1: DOUBLE (Groundball, 5L, EV 101.3 MPH) Jesus Ramos scores Dave Hoenstine to third
|
|
Batting: RHB Victor Mabee
|
0-0: Called Strike 0-1: Ball 1-1: Ground out U3 (Groundball, 34S, EV 88.8 MPH)
|
|
Batting: LHB Glenn Gulliver
|
0-0: Ball Passed Ball! Dave Hoenstine scores Omar Guerrero to third 1-0: Ball 2-0: Called Strike 2-1: Swinging Strike 2-2: Strikes out looking
|
| Bottom of the 8th over - 2 runs, 2 hits, 0 errors, 1 left on base; Omaha 2 - Wichita 5 |
| TOP OF THE 9TH |
|
Omaha Storm Chasers batting - Pitching for Wichita Aeros : RHP Brent Gaff
|
|
Batting: LHB Mike LaValliere
|
0-0: Ball 1-0: Ball 2-0: Ball 3-0: Called Strike 3-1: Called Strike 3-2: Fly out, F9 (Flyball, 9LD, EV 89.4 MPH)
|
|
Batting: RHB Al Minker
|
0-0: Called Strike 0-1: Ball 1-1: Foul Ball, location: 2F 1-2: Fly out, F9 (Flyball, 9D, EV 100.0 MPH)
|
|
Batting: RHB Eddie Gates
|
0-0: Ball 1-0: Foul Ball, location: 2F 1-1: Foul Ball, location: 2F 1-2: Ball 2-2: Strikes out swinging
|
| Top of the 9th over - 0 runs, 0 hits, 0 errors, 0 left on base; Omaha 2 - Wichita 5 |
|